 Dungeon Crawl Stone Soup version 0.23.0 (webtiles) character file.

Game seed: 7563598386944714923

4754 Lavandula the Grappler (level 10, -2/98 HPs)
             Began as a Troll Hunter on Feb 14, 2019.
             Was a High Priest of Fedhas.
             Slain by a meliai (shapeshifter) (4 damage)
             ... on level 8 of the Dungeon.
             The game lasted 00:16:56 (6555 turns).

Lavandula the Grappler (Troll Hunter)               Turns: 6555, Time: 00:16:57

Health: -2/98      AC:  8    Str: 25    XL:     10   Next: 23%
Magic:  0/9        EV: 12    Int:  7    God:    Fedhas [*****.]
Gold:   91         SH:  0    Dex: 10    Spells: 9/9 levels left

rFire    + . .     SeeInvis .     - Unarmed
rCold    . . .     Gourm    +   (no shield)
rNeg     . . .     Faith    .   s - +1 robe {rF+}
rPois    .         Spirit   +   (helmet restricted)
rElec    .         Reflect  .   F - +0 cloak
rCorr    +         Harm     .   (gloves unavailable)
MR       .....                  (boots unavailable)
Stlth    +.........             n - amulet of guardian spirit
HPRegen  0.66/turn              u - ring of resist corrosion
MPRegen  0.11/turn              J - ring of flight

@: no status effects
A: large, unfitting armour, claws 3, fast metabolism 3, gourmand, regeneration
1, shaggy fur 1, tough skin 3
a: Fungal Bloom, Sunlight, Evolution, Growth, Reproduction, Rain, Renounce
Religion, Evoke Flight


You were on level 8 of the Dungeon.
You worshipped Fedhas.
Fedhas was extremely pleased with you.
You were hungry.

You visited 2 branches of the dungeon, and saw 9 of its levels.
You also visited: Sewer.

You collected 511 gold pieces.
You spent 420 gold pieces at shops.

Inventory:

Hand Weapons
 a - a +0 short sword
Missiles
 d - 2 throwing nets
 j - 5 javelins
 w - 3 tomahawks
 y - 4 large rocks (quivered)
Armour
 s - a +1 robe of fire resistance (worn)
 F - a +0 cloak (worn)
 G - a +1 robe of cold resistance
Jewellery
 i - an uncursed ring of protection from magic
 n - an amulet of guardian spirit (around neck)
 u - a ring of resist corrosion (left claw)
 I - an uncursed amulet of harm {unknown}
 J - a ring of flight (right claw)
Wands
 H - a wand of flame (14)
 K - a wand of iceblast (7)
 N - a wand of random effects (13)
Scrolls
 c - a scroll of immolation {unknown}
 e - a scroll of enchant weapon {unknown}
 g - 4 scrolls of identify {unknown}
 h - 5 scrolls of magic mapping {unknown}
 k - 5 scrolls of noise {unknown}
 l - 4 scrolls of fear {unknown}
 m - 5 scrolls of remove curse {unknown}
 q - 5 scrolls of fog {unknown}
 v - 5 scrolls of teleportation {unknown}
 x - 4 scrolls of blinking {unknown}
 E - a scroll of random uselessness {unknown}
 L - a scroll of amnesia {unknown}
Potions
 b - a potion of flight {unknown}
 o - 5 potions of curing
 p - a potion of cancellation {unknown}
 r - 2 potions of agility
 t - a potion of lignification {unknown}
 z - 2 potions of might
 A - 4 potions of heal wounds
 B - 3 potions of magic {unknown}
 C - 2 potions of brilliance {unknown}
 D - 3 potions of haste
 M - a potion of mutation
Comestibles
 f - 24 rations


   Skills:
 - Level 6.2 Fighting
 - Level 3.6 Throwing
 - Level 6.0 Dodging
 - Level 0.3 Stealth
 + Level 11.1 Unarmed Combat


You had 9 spell levels left.
You didn't know any spells.
Your spell library was empty.

Dungeon Overview and Level Annotations

Branches:
Dungeon (8/15)             Temple (1/1) D:4
   Lair: D:8-11

Altars:
Ashenzari
Cheibriados
Dithmenos
Elyvilon
Fedhas
Gozag
Hepliaklqana
Kikubaaqudgha
Makhleb
Nemelex Xobeh
Okawaru
Qazlal
Ru
Trog
Uskayaw
Vehumet
Wu Jian
Xom
Zin
The Shining One

Shops:
D:7 !%

Annotations:
D:6 Dowan


Innate Abilities, Weirdness & Mutations

You are too large for most types of armour.
You have claws for hands.
Your metabolism is lightning-fast.
You like to eat raw meat.
Your natural rate of healing is unusually fast.
You are covered in fur. (AC +1)
You have extremely tough skin. (AC +3)


Message History

A sky beast appears from thin air!
Reactivating autopickup.
The sky beast closely misses you.
Unknown command.
You miss the sky beast. You claw the sky beast!
You kill the sky beast!
The jumping spider leaps!
The centaur shoots an arrow.
The arrow hits you.
* * * LOW HITPOINT WARNING * * *
A meliai comes into view.
Unknown command.
Okay, then.
Okay, then.
Unknown command.
The meliai closely misses you.
The meliai stings you but does no damage.
The jumping spider leaps!
Unknown command.
The meliai hits you.
You die...
Fedhas appreciates your contribution to the ecosystem.

##. ##.....##
#..##.......##
##.##.........####+#
#..#...........#...#
#..#รท.........(#...###
#..'...........cc#...+
##..#.........s(#.##..#
####...#.........y.#.c(..#
.[.<...##....(..@.####'###
####....##.......###.#s#.##
####..##.....###.......#
#..###+####.###.###.# ..#
#s# ..# ..Z + .W. #...#
)#.#|


You could see a centaur warrior, a jumping spider, a meliai and a centaur.

Vanquished Creatures
  Pikel (D:6)
  A hippogriff (D:7)
  Sigmund (D:3)
  Duvessa (D:6)
  2 water moccasins (D:8)
  2 orc warriors
  3 sky beasts
  A slave (D:6)
  A black bear (D:7)
  2 phantoms
  3 centaurs
  2 ogres
  5 big kobolds (D:4)
  Blork the orc (D:4)
  7 bullfrogs
  2 scorpions (D:5)
  2 howler monkeys (D:4)
  4 wights (D:6)
  2 crimson imps
  A bullfrog zombie (D:8)
  A quasit (D:8)
  9 orc priests
  3 jellies
  6 orc wizards
  A centaur skeleton (D:7)
  Crazy Yiuf (D:5)
  3 hounds
  5 worker ants
  2 hound skeletons
  6 gnolls (D:4)
  9 adders
  8 river rats (D:5)
  2 shadow imps
  2 oozes
  2 adder skeletons
  3 worms
  2 dart slugs (D:1)
  3 leopard geckos
  29 orcs
  16 ball pythons
  6 giant cockroaches
  4 goblins
  7 hobgoblins
  2 jackals (D:1)
  52 kobolds
  5 quokkas
  A ball python skeleton (D:5)
  6 bats
  7 frilled lizards
  54 rats
301 creatures vanquished.

Vanquished Creatures (collateral kills)
  An orc (D:6)
1 creature vanquished.

Vanquished Creatures (others)
  A worker ant (D:6)
  A killer bee zombie (D:6)
  An orc (D:6)
  A leopard gecko skeleton (D:6)
  A wandering mushroom (D:6)
  118 toadstools
123 creatures vanquished.

Grand Total: 425 creatures vanquished

Notes
Turn   | Place    | Note
-------+----------+-------------------------------------------
     0 | D:1      | Lavandula the Troll Hunter began the quest for the Orb.
     0 | D:1      | Reached XP level 1. HP: 19/19 MP: 0/0
    12 | D:1      | Reached skill level 1 in Unarmed Combat
   141 | D:1      | Reached XP level 2. HP: 23/27 MP: 1/1
   155 | D:1      | Reached skill level 2 in Unarmed Combat
   380 | D:1      | Reached XP level 3. HP: 33/33 MP: 2/2
   862 | D:2      | Reached skill level 3 in Unarmed Combat
  1169 | D:2      | Found a sacrificial altar of Ru.
  1580 | D:3      | Reached skill level 4 in Unarmed Combat
  1580 | D:3      | Reached XP level 4. HP: 33/41 MP: 3/3
  1961 | D:3      | Found a sparkling altar of Nemelex Xobeh.
  2037 | D:3      | Found a glowing silver altar of Zin.
  2095 | D:3      | Noticed Sigmund
  2111 | D:3      | Killed Sigmund
  2111 | D:3      | Reached skill level 6 in Unarmed Combat
  2111 | D:3      | Reached XP level 5. HP: 22/48 MP: 4/4
  2111 | D:3      | Reached XP level 6. HP: 25/55 MP: 5/5
  2342 | D:4      | Found a staircase to the Ecumenical Temple.
  2365 | D:4      | Noticed Blork the orc
  2378 | D:4      | Killed Blork the orc
  2418 | Temple   | Entered the Ecumenical Temple
  2464 | Temple   | Became a worshipper of Fedhas Madash
  2522 | D:4      | Reached skill level 7 in Unarmed Combat
  2561 | D:4      | Found a glowing drain.
  2570 | Sewer    | Entered a sewer
  2627 | Sewer    | Reached XP level 7. HP: 57/62 MP: 6/6
  2649 | Sewer    | Reached * piety under Fedhas
  2767 | Sewer    | Reached skill level 8 in Unarmed Combat
  3016 | D:4      | Reached ** piety under Fedhas
  3174 | D:4      | Reached skill level 9 in Unarmed Combat
  3241 | D:4      | Reached XP level 8. HP: 60/70 MP: 5/7
  3271 | D:4      | Reached *** piety under Fedhas
  3702 | D:4      | Found a burning altar of Makhleb.
  3898 | D:5      | Entered Level 5 of the Dungeon
  3903 | D:5      | Reached skill level 10 in Unarmed Combat
  3909 | D:5      | Found a sparkling altar of Nemelex Xobeh.
  3966 | D:5      | Found a runed translucent door.
  3967 | D:5      | Noticed Crazy Yiuf
  4054 | D:5      | Killed Crazy Yiuf
  4237 | D:5      | Reached **** piety under Fedhas
  4431 | D:5      | Reached skill level 5 in Dodging
  4445 | D:5      | Reached XP level 9. HP: 64/76 MP: 4/8
  4465 | D:5      | Found a stormy altar of Qazlal.
  4571 | D:5      | Found a hazy altar of Hepliaklqana.
  4579 | D:5      | Found an ornate altar of the Wu Jian Council.
  4582 | D:5      | Found a sparkling altar of Nemelex Xobeh.
  4607 | D:5      | Found a shadowy altar of Dithmenos.
  4924 | D:6      | Found a radiant altar of Vehumet.
  5015 | D:6      | Found a white marble altar of Elyvilon.
  5162 | D:6      | Noticed Duvessa
  5163 | D:6      | Noticed Dowan
  5180 | D:6      | Killed Duvessa
  5378 | D:6      | Reached skill level 5 in Fighting
  5415 | D:6      | Noticed Pikel
  5442 | D:6      | Killed Pikel
  5712 | D:7      | Found Enkihyum's Distillery.
  5716 | D:7      | Bought a potion of heal wounds for 70 gold pieces
  5716 | D:7      | Bought a potion of curing for 42 gold pieces
  5716 | D:7      | Bought a potion of haste for 140 gold pieces
  5716 | D:7      | Bought a potion of might for 56 gold pieces
  5716 | D:7      | Bought a potion of mutation for 112 gold pieces
  5735 | D:7      | Found Docusa's Food Boutique.
  5847 | D:7      | Reached XP level 10. HP: 98/98 MP: 9/9
  6514 | D:8      | Reached ***** piety under Fedhas
  6529 | D:8      | Noticed a centaur warrior
  6538 | D:8      | Reached skill level 11 in Unarmed Combat
  6552 | D:8      | HP: 3/98 [centaur/arrow (10)]
  6553 | D:8      | HP: 1/98 [centaur/arrow (2)]
  6555 | D:8      | Slain by a meliai (shapeshifter)

Skill      XL: |  1  2  3  4  5  6  7  8  9 10 |
---------------+-------------------------------+-----
Unarmed Combat | 1 2 4 6 7 9 10 11 | 11.1
Dodging        | 5 6 |  6.0
Fighting       | 6 |  6.2
Throwing       | |  3.6
Stealth        | |  0.3

Action                   |  1- 3 |  4- 6 |  7- 9 | 10-12 || total
-------------------------+-------+-------+-------+-------++-------
Melee: Unarmed           |   115 |    85 |   441 |    48 ||   689
       Short sword       |     1 |       |       |       ||     1
       Punch             |     1 |       |    11 |     1 ||    13
Throw: Javelin           |     7 |     2 |     9 |       ||    18
       Large rock        |     1 |    10 |     9 |     7 ||    27
       Throwing net      |       |     1 |       |       ||     1
Invok: Fungal Bloom      |       |     1 |    26 |     2 ||    29
       Sunlight          |       |       |     1 |       ||     1
       Evolution         |       |       |     1 |       ||     1
 Stab: Sleeping          |       |     1 |     1 |       ||     2
       Confused          |       |       |     1 |       ||     1
  Eat: Chunk             |     8 |    17 |    28 |     1 ||    54
       Ration            |     1 |       |       |       ||     1
Armor: Robe              |    36 |    35 |   162 |    21 ||   254
Dodge: Dodged            |    70 |    44 |   231 |    29 ||   374
